[Event "Early Titled Tuesday Blitz | February 8 2022"]
[White "Atakhan, Abtin"]
[Black "Hess, Robert"]
[WhiteFideId "22502203"]
[BlackFideId "2022036"]
[WhiteElo "2119"]
[BlackElo "2557"]
[Result "0-1"]
[Round "04"]
[TimeControl "180+1"]
[Date "2022.02.08"]
[WhiteClock "0:00:01"]
[BlackClock "0:00:06"]

1. Nf3 g6 2. c4 Bg7 3. e4 d6 4. d4 Bg4 5. Be2 Nc6 6. Be3 e5 7. d5 Bxf3 8. Bxf3 Nd4 9. Nc3 Ne7 10. O-O O-O 11. Nb5 c5 12. dxc6 Nexc6 13. Nc3 Bf6 14. Bg4 Ne6 15. Bxe6 fxe6 16. c5 Nd4 17. cxd6 Qxd6 18. Qa4 a6 19. Rad1 b5 20. Qb3 Rfd8 21. Bxd4 exd4 22. Ne2 Kg7 23. Nc1 Rac8 24. Nd3 e5 25. f4 exf4 26. Nxf4 Re8 27. Nd5 Be5 28. Qh3 Qe6 29. Qxe6 Rxe6 30. Rfe1 Rc2 31. b3 Rxa2 32. Nb4 Rb2 33. Rd3 a5 34. Nd5 Rc6 35. Rf1 Rcc2 0-1


[Site "https://www.chess.com"]

[Event "Early Titled Tuesday Blitz | February 8 2022"]
[White "Atzl, Florian"]
[Black "Carlsson, Ludvig"]
[WhiteFideId "1635891"]
[BlackFideId "1727010"]
[WhiteElo "2085"]
[BlackElo "2178"]
[Result "0-1"]
[Round "04"]
[TimeControl "180+1"]
[Date "2022.02.08"]
[WhiteClock "0:00:09"]
[BlackClock "0:00:28"]

1. e4 d5 2. exd5 Qxd5 3. Nc3 Qd8 4. g3 Nf6 5. Bg2 c6 6. Nf3 Bg4 7. b4 a6 8. a4 e6 9. b5 axb5 10. h3 Bxf3 11. Bxf3 Bb4 12. Bb2 Bxc3 13. Bxc3 Rxa4 14. O-O Rxa1 15. Qxa1 O-O 16. Qa7 Qc7 17. Bb4 Re8 18. Ra1 Nbd7 19. Ba5 Qc8 20. Qd4 e5 21. Qh4 e4 22. Be2 Ne5 23. Bc3 Qf5 24. Re1 Nd5 25. Bb2 h6 26. Bd1 Nf3+ 27. Bxf3 Qxf3 28. Ba1 Kh7 29. g4 Nf4 30. Qg3 Ne2+ 31. Rxe2 Qxe2 32. Qc3 f6 33. Qd4 Qf3 34. Qd7 Ra8 35. Bc3 b4 36. Bb2 Ra2 37. Qd4 Rxb2 38. Qxb2 Qxh3 39. Qxb4 Qxg4+ 40. Kf1 Qd1+ 41. Kg2 Qxc2 42. Qd4 Qd3 43. Qb2 b5 44. Kg1 c5 45. Qc1 c4 46. Qb2 Qd5 47. Qc3 f5 48. Kg2 e3+ 49. Kf1 exd2 50. Qc2 d1=Q+ 51. Qxd1 Qxd1+ 52. Kg2 c3 53. f3 c2 54. Kg3 c1=Q 55. Kh4 Qg5+ 56. Kh3 Qh1# 0-1


[Site "https://www.chess.com"]

[Event "Early Titled Tuesday Blitz | February 8 2022"]
[White "Avazkhonov, Alikhon"]
[Black "Moroni, Luca Jr"]
[WhiteFideId "14208504"]
[BlackFideId "865834"]
[WhiteElo "1739"]
[BlackElo "2573"]
[Result "0-1"]
[Round "04"]
[TimeControl "180+1"]
[Date "2022.02.08"]
[WhiteClock "0:00:02"]
[BlackClock "0:01:37"]

1. f4 e5 2. fxe5 d6 3. exd6 Bxd6 4. Nf3 Nc6 5. e3 g5 6. g3 h5 7. d4 h4 8. gxh4 g4 9. Ng5 Rxh4 10. Ne4 Bxh2 11. Bg2 f5 12. Nf2 Bg3 13. Qe2 Rxh1+ 14. Bxh1 Qh4 15. Bg2 Qh2 16. Kf1 Nf6 17. Nc3 Bd7 18. e4 O-O-O 19. d5 Nd4 20. Qd3 Be5 21. Bg5 Nh5 22. exf5 Ng3+ 23. Ke1 Qxg2 0-1


[Site "https://www.chess.com"]

[Event "Early Titled Tuesday Blitz | February 8 2022"]
[White "Avila Pavas, Santiago"]
[Black "Bifulco, Michel"]
[WhiteFideId "4437128"]
[BlackFideId "828580"]
[WhiteElo "2242"]
[BlackElo "2165"]
[Result "1-0"]
[Round "04"]
[TimeControl "180+1"]
[Date "2022.02.08"]
[WhiteClock "0:01:18"]
[BlackClock "0:00:53"]

1. d4 Nf6 2. Nf3 g6 3. Bg5 Bg7 4. Nbd2 d5 5. e3 O-O 6. Be2 c6 7. O-O Nbd7 8. c4 Re8 9. Qb3 dxc4 10. Bxc4 e6 11. Rfd1 Nb6 12. Bf1 Qd5 13. Rac1 Ne4 14. Nxe4 Qxe4 15. Rc5 Nd5 16. h3 b6 17. Rcc1 Nf6 18. Bd3 Qd5 19. Qxd5 cxd5 20. Rc7 Ne4 21. Bf4 Bf8 22. Rdc1 Bd6 23. Bxd6 Nxd6 24. Ne5 Bb7 25. Nxf7 Nxf7 26. Rxb7 Nd6 27. Rd7 Rad8 28. Rcc7 Rxd7 29. Rxd7 Nc8 30. Ba6 h6 31. Rc7 Nd6 32. Rxa7 Ne4 33. Bd3 1-0


[Site "https://www.chess.com"]

[Event "Early Titled Tuesday Blitz | February 8 2022"]
[White "Bacrot, Etienne"]
[Black "Hakobyan, Aram"]
[WhiteFideId "605506"]
[BlackFideId "13306677"]
[WhiteElo "2673"]
[BlackElo "2557"]
[Result "1-0"]
[Round "04"]
[TimeControl "180+1"]
[Date "2022.02.08"]
[WhiteClock "0:00:15"]
[BlackClock "0:00:02"]

1. d4 Nf6 2. Nf3 e6 3. g3 b5 4. Bg2 Bb7 5. O-O c5 6. a4 b4 7. c3 Na6 8. Bg5 Be7 9. dxc5 Bxc5 10. Qd3 Be7 11. Nbd2 Nc5 12. Qc2 bxc3 13. Qxc3 Rc8 14. Qd4 a5 15. Rac1 O-O 16. b4 axb4 17. Qxb4 d6 18. Rxc5 dxc5 19. Qxb7 c4 20. Ne5 c3 21. Ndc4 Rc7 22. Qb3 Nd5 23. Bxe7 Qxe7 24. e4 Nb4 25. Qxc3 Rfc8 26. Rb1 Nc6 27. Nb6 Re8 28. Nxc6 Qg5 29. e5 h5 30. h4 Qg6 31. Ra1 Qg4 32. a5 Qe2 33. a6 Rb8 34. a7 Rxa7 35. Nxa7 Rxb6 36. Nc8 Rb2 37. Ne7+ Kh7 38. Qf3 Qxe5 39. Qe4+ Qxe4 40. Bxe4+ f5 41. Nxf5 exf5 42. Bxf5+ g6 43. Ra7+ Kh6 44. Ra6 Kg7 45. Rxg6+ Kh8 46. Rg5 Rb1+ 47. Kg2 Rg1+ 48. Kf3 Rxg3+ 49. Kf4 Rf3+ 50. Ke5 Re3+ 51. Kf6 Re8 52. Rxh5+ Kg8 53. Be6+ Rxe6+ 54. Kxe6 1-0


[Site "https://www.chess.com"]

[Event "Early Titled Tuesday Blitz | February 8 2022"]
[White "Barp, Alberto"]
[Black "Gombocz, Ferenc Jr."]
[WhiteFideId "872555"]
[BlackFideId "775029"]
[WhiteElo "2229"]
[BlackElo "1913"]
[Result "1-0"]
[Round "04"]
[TimeControl "180+1"]
[Date "2022.02.08"]
[WhiteClock "0:00:25"]
[BlackClock "0:00:01"]

1. d4 d5 2. c4 c6 3. Nf3 Nf6 4. e3 Bf5 5. Nc3 a6 6. Qb3 Ra7 7. a4 a5 8. cxd5 Nxd5 9. e4 Nxc3 10. exf5 Nd5 11. Bc4 e6 12. fxe6 Bb4+ 13. Bd2 Bxd2+ 14. Nxd2 fxe6 15. O-O O-O 16. Ne4 Qh4 17. Rfe1 Nd7 18. Qg3 Qxg3 19. hxg3 e5 20. Nc5 Nxc5 21. dxc5 Re8 22. Rad1 Raa8 23. Bxd5+ cxd5 24. Rxd5 Rad8 25. Rexe5 Rxd5 26. Rxe8+ Kf7 27. Rb8 Rxc5 28. Rxb7+ Kf6 29. f3 Rc2 30. b3 Rb2 31. Rb5 h6 32. g4 Kg6 33. Kh2 Kf6 34. Kg3 g5 35. Rb6+ Kg7 36. Rb5 Kg6 37. Rxa5 Rxb3 38. Ra6+ Kg7 39. a5 Ra3 40. Kf2 Ra2+ 41. Ke3 Rxg2 42. Ke4 Rb2 43. Ra7+ Kg6 44. Ra6+ Kg7 45. Rb6 Kh7 46. Rxb2 1-0


[Site "https://www.chess.com"]

[Event "Early Titled Tuesday Blitz | February 8 2022"]
[White "Barrientos, Sergio E"]
[Black "Tay, Junior"]
[WhiteFideId "4401824"]
[BlackFideId "5800439"]
[WhiteElo "2441"]
[BlackElo "2216"]
[Result "1-0"]
[Round "04"]
[TimeControl "180+1"]
[Date "2022.02.08"]
[WhiteClock "0:01:01"]
[BlackClock "0:00:01"]

1. d4 Nf6 2. Nf3 g6 3. c4 Bg7 4. Nc3 O-O 5. e4 d6 6. h3 c5 7. d5 b5 8. cxb5 a6 9. a4 Nbd7 10. Bd2 Ne8 11. Bd3 Nc7 12. O-O Ne5 13. Nxe5 Bxe5 14. f4 Bd4+ 15. Kh2 axb5 16. axb5 Rb8 17. Qe2 Bd7 18. f5 Qe8 19. Ra7 Qd8 20. Bh6 c4 21. Rxc7 Qxc7 22. Bxc4 Rfc8 23. Bd3 Bxc3 24. bxc3 Qxc3 25. Qf3 f6 26. e5 Bxb5 27. Bxb5 Qxf3 28. Rxf3 Rxb5 29. exf6 exf6 30. fxg6 hxg6 31. Rxf6 Rxd5 32. Rxg6+ Kh7 33. Re6 Rg8 34. Bf4 Rf5 35. g3 d5 36. Rd6 Rg7 37. h4 Rg6 38. Rd7+ Rg7 39. Rd8 Rgf7 40. Bg5 Rxg5 41. hxg5 Kg6 42. Rxd5 Rf5 43. Rd8 Kxg5 44. Kh3 Kf6 45. Kh4 Ra5 46. Rg8 Kf7 47. Rg5 Ra8 48. Kh5 Rh8+ 49. Kg4 Ra8 50. Kh4 Kf6 51. g4 Ra1 52. Rg8 1-0


[Site "https://www.chess.com"]

[Event "Early Titled Tuesday Blitz | February 8 2022"]
[White "Batsiashvili, Nino"]
[Black "Namitbir Singh Walia"]
[WhiteFideId "13602993"]
[BlackFideId "35071068"]
[WhiteElo "2230"]
[BlackElo "1479"]
[Result "0-1"]
[Round "04"]
[TimeControl "180+1"]
[Date "2022.02.08"]
[WhiteClock "0:00:45"]
[BlackClock "0:01:11"]

1. d4 d5 2. c4 c6 3. Nf3 Nf6 4. Nc3 e6 5. g3 Nbd7 6. Bg2 dxc4 7. O-O Nd5 8. e4 Nxc3 9. bxc3 b5 10. a4 Bb7 11. Bg5 Be7 12. Bxe7 Qxe7 13. Qb1 a6 14. Nd2 Nb6 15. a5 Nc8 16. d5 cxd5 17. exd5 O-O 18. Re1 Rd8 19. dxe6 Bxg2 20. exf7+ Qxf7 21. Kxg2 Rxd2 22. Qe4 Qxf2+ 23. Kh3 Qxh2+ 24. Kg4 h5+ 25. Kg5 Qxg3+ 26. Kxh5 Rh2+ 0-1


[Site "https://www.chess.com"]

[Event "Early Titled Tuesday Blitz | February 8 2022"]
[White "Beerdsen, Thomas"]
[Black "Makarian, Rudik"]
[WhiteFideId "1030108"]
[BlackFideId "44105681"]
[WhiteElo "2585"]
[BlackElo "2486"]
[Result "1-0"]
[Round "04"]
[TimeControl "180+1"]
[Date "2022.02.08"]
[WhiteClock "0:00:40"]
[BlackClock "0:00:11"]

1. e4 c5 2. Nf3 d6 3. d4 cxd4 4. Nxd4 Nf6 5. Nc3 a6 6. a3 h6 7. Bc4 e6 8. Ba2 Be7 9. g4 Nc6 10. Rg1 Nxd4 11. Qxd4 e5 12. Qd1 b5 13. h4 Be6 14. g5 hxg5 15. hxg5 Nd7 16. g6 Bxa2 17. Rxa2 Rf8 18. Nd5 Nf6 19. Be3 Rc8 20. a4 b4 21. Qd3 Nxd5 22. gxf7+ Rxf7 23. exd5 Qa5 24. Ra1 b3+ 25. c3 Bd8 26. Rg6 Be7 27. Ke2 Bf6 28. Rh1 Ke7 29. Qf5 Qxd5 30. Rd1 Qe6 31. Qf3 Rc7 32. Qa8 Qc4+ 33. Ke1 Rf8 34. Qg2 Qe6 35. Bg5 Rf7 36. Bxf6+ gxf6 37. Rg8 Rc8 38. Qb7+ Qd7 39. Qxc8 1-0


[Site "https://www.chess.com"]

[Event "Early Titled Tuesday Blitz | February 8 2022"]
[White "Berdychevskaya, Natasha"]
[Black "Liyanage, Ranindu Dilshan"]
[WhiteFideId "4159322"]
[BlackFideId "9915834"]
[WhiteElo "1780"]
[BlackElo "1858"]
[Result "1/2-1/2"]
[Round "04"]
[TimeControl "180+1"]
[Date "2022.02.08"]
[WhiteClock "0:00:06"]
[BlackClock "0:00:09"]

1. d4 Nf6 2. Bf4 d5 3. e3 c5 4. c3 Nc6 5. Nd2 Bf5 6. Qb3 Qd7 7. Ngf3 c4 8. Qd1 e6 9. Be2 h6 10. h3 Bd6 11. Ne5 Qc7 12. Ndf3 b5 13. a3 a5 14. O-O O-O 15. Nxc6 Qxc6 16. Bxd6 Qxd6 17. Ne5 b4 18. axb4 axb4 19. Bf3 Rfb8 20. Rxa8 Rxa8 21. Nxc4 Qc7 22. Ne5 bxc3 23. bxc3 Qxc3 24. Qc1 Qxc1 25. Rxc1 Ne8 26. g4 Bh7 27. Kg2 f6 28. Nd7 Kf7 29. Rc6 Rd8 30. Nc5 Rd6 31. Rxd6 Nxd6 32. Kg3 Ke7 33. h4 Bg8 34. Be2 e5 35. Bd3 Be6 36. f4 exd4 37. exd4 Bc8 38. Kf3 Ne8 39. g5 hxg5 40. hxg5 Nc7 41. gxf6+ Kxf6 42. Nb3 Ne8 43. Nc5 Nd6 44. Ke3 Kf7 45. Kf3 Ne8 46. Ke3 Nf6 47. Kf3 Bg4+ 48. Ke3 Ke7 49. Nb3 Kd6 50. Nc5 Bc8 51. Kf3 Ne8 52. Ke3 Nc7 53. Kf3 Kc6 54. Ke3 Kd6 55. Kf3 Ke7 56. Ke3 Kf6 57. Kf3 Ne8 58. Ke3 Nd6 59. Kf3 Bf5 60. Bxf5 Kxf5 61. Nd3 Nb5 62. Ke3 Na3 63. Ne5 Nc2+ 64. Kd3 Nb4+ 65. Ke3 Nc2+ 66. Kd3 Ne1+ 67. Ke3 Ng2+ 68. Kf3 Nxf4 69. Nd7 g5 70. Nb6 Kg6 71. Nd7 Kh5 72. Ne5 Ne6 73. Nc6 g4+ 74. Kg3 Kg5 75. Ne7 Nc7 76. Ng8 Kf5 77. Ne7+ Kf6 78. Ng8+ Kg5 79. Ne7 Kh5 80. Ng8 Ne6 81. Nf6+ Kg5 82. Nxd5 Nxd4 83. Ne3 Nf5+ 84. Nxf5 Kxf5 85. Kg2 Kg5 86. Kg3 Kh5 87. Kg2 Kh4 88. Kh2 g3+ 89. Kg2 Kg4 90. Kg1 Kf4 91. Kg2 Ke3 92. Kxg3 1/2-1/2


[Site "https://www.chess.com"]

[Event "Early Titled Tuesday Blitz | February 8 2022"]
[White "Bernadskiy, Vitaliy"]
[Black "Poormosavi, Seyed Kian"]
[WhiteFideId "14100371"]
[BlackFideId "12585807"]
[WhiteElo "2473"]
[BlackElo "2116"]
[Result "1-0"]
[Round "04"]
[TimeControl "180+1"]
[Date "2022.02.08"]
[WhiteClock "0:00:13"]
[BlackClock "0:00:03"]

1. e3 Nf6 2. g4 h6 3. Bg2 d5 4. h3 c5 5. Ne2 Nc6 6. d4 e5 7. dxe5 Nxe5 8. Nf4 d4 9. exd4 cxd4 10. O-O Be7 11. Re1 Nc6 12. Qe2 g5 13. Nd3 Be6 14. f4 Qd7 15. Na3 O-O-O 16. Bxc6 Qxc6 17. f5 Bxa3 18. fxe6 Bd6 19. exf7 Rhf8 20. Bd2 Bc7 21. Qe6+ Qxe6 22. Rxe6 Rxf7 23. Rf1 Rd6 24. Rxd6 Bxd6 25. h4 Kd7 26. Bxg5 hxg5 27. hxg5 Rg7 28. gxf6 Rxg4+ 29. Kf2 Ke6 30. Ke2 Rg2+ 31. Kd1 Rg6 32. f7 Rf6 33. Rxf6+ Kxf6 34. Ke2 Kxf7 35. Kf3 Ke6 36. Ke4 Bf8 37. Kxd4 Bg7+ 38. Ke4 Kd6 39. c4 b6 40. b3 a6 41. Nf4 Bh8 42. Kd3 b5 43. b4 Bb2 44. Nd5 Ba3 45. Kc3 bxc4 46. Kxc4 Kc6 47. Ne3 Bc1 48. Nc2 Bd2 49. Nd4+ Kb6 50. a4 Be1 51. Nb3 Bf2 52. Nc5 Be1 53. Nd3 Bd2 54. Ne5 Be1 55. a5+ Ka7 56. Kc5 Bf2+ 57. Kc6 Be1 58. Nd3 Bd2 59. Kc7 Bc3 60. Kd6 Bd2 61. Kc6 Bc3 62. Kc7 Bd2 63. Ne5 Bc3 64. Nc6+ Ka8 65. Kb6 Be5 66. Nxe5 1-0


[Site "https://www.chess.com"]

[Event "Early Titled Tuesday Blitz | February 8 2022"]
[White "Bocharov, Dmitry"]
[Black "Abdusattorov, Nodirbek"]
[WhiteFideId "4138716"]
[BlackFideId "14204118"]
[WhiteElo "2541"]
[BlackElo "2663"]
[Result "0-1"]
[Round "04"]
[TimeControl "180+1"]
[Date "2022.02.08"]
[WhiteClock "0:01:08"]
[BlackClock "0:01:22"]

1. c4 Nf6 2. g3 g6 3. Bg2 Bg7 4. Nf3 O-O 5. O-O d6 6. d4 Nbd7 7. Nc3 e5 8. e4 exd4 9. Nxd4 Nc5 10. h3 Re8 11. Re1 h6 12. Bf4 Ne6 13. Be3 Ng5 14. Qc1 Nfxe4 15. Nxe4 Nxe4 16. Bxh6 Bxd4 17. Rxe4 Rxe4 18. Bxe4 Bxh3 19. Qd2 Qf6 20. Rd1 c5 21. b3 Re8 22. Re1 Bc3 0-1


[Site "https://www.chess.com"]

[Event "Early Titled Tuesday Blitz | February 8 2022"]
[White "Boros, Denes"]
[Black "Volkov, Maksim"]
[WhiteFideId "722340"]
[BlackFideId "54123070"]
[WhiteElo "2464"]
[BlackElo "2081"]
[Result "0-1"]
[Round "04"]
[TimeControl "180+1"]
[Date "2022.02.08"]
[WhiteClock "0:00:04"]
[BlackClock "0:00:04"]

1. d4 d5 2. Nc3 Nf6 3. Bf4 a6 4. Bg5 h6 5. Bh4 Bf5 6. Nf3 e6 7. e3 c5 8. Ne5 Nc6 9. Bd3 cxd4 10. Nxc6 bxc6 11. exd4 Bxd3 12. Qxd3 Be7 13. O-O O-O 14. Na4 Qa5 15. b3 Ra7 16. Rfe1 Rc8 17. c4 Ne4 18. Bg3 Nd6 19. c5 Nf5 20. Be5 Re8 21. Nb6 Bd8 22. Nc8 Rd7 23. Nd6 Nxd6 24. cxd6 c5 25. dxc5 Qxc5 26. Rec1 Qb6 27. Rc8 f6 28. Bf4 Kf7 29. Bxh6 Qxd6 30. Qh7 Qf8 31. Be3 Qh8 32. Qd3 Bc7 33. Rxc7 Rxc7 34. Qxa6 Rec8 35. Re1 e5 36. Bb6 Rd7 37. Qe2 Qh4 38. g3 Qb4 39. Be3 d4 40. Rd1 Qe7 41. Qg4 Kg8 42. Kg2 Rdc7 43. Bd2 Rc2 44. h4 Qb7+ 45. Kh3 Qd5 46. h5 Kh7 47. Qg6+ Kh8 48. h6 Qd7+ 49. g4 Rxa2 50. Kh4 Rcc2 51. g5 fxg5+ 52. Bxg5 Rc3 53. f3 Rxf3 54. Rh1 Raf2 55. hxg7+ Qxg7 56. Qe8+ Rf8 57. Kg4+ Kg8 58. Qe6+ R8f7 59. Qc8+ Qf8 60. Qe6 Rg2+ 61. Kh3 Rxg5 0-1


[Site "https://www.chess.com"]

[Event "Early Titled Tuesday Blitz | February 8 2022"]
[White "Bortnyk, Olexandr"]
[Black "Urazayev, Arystanbek"]
[WhiteFideId "14120828"]
[BlackFideId "13709810"]
[WhiteElo "2723"]
[BlackElo "2321"]
[Result "1-0"]
[Round "04"]
[TimeControl "180+1"]
[Date "2022.02.08"]
[WhiteClock "0:01:07"]
[BlackClock "0:00:37"]

1. e4 e5 2. Bc4 Nf6 3. d3 Nc6 4. Nc3 Bb4 5. Bd2 d6 6. Nge2 Na5 7. O-O Nxc4 8. dxc4 Be6 9. b3 h6 10. f4 Bg4 11. Qe1 Qd7 12. a3 Bc5+ 13. Kh1 Bxe2 14. Qxe2 Qg4 15. Qd3 O-O-O 16. Rf3 exf4 17. Bxf4 Qe6 18. b4 Bb6 19. a4 Ng4 20. Qe2 Ne5 21. Bxe5 dxe5 22. c5 Rd4 23. cxb6 axb6 24. Nd5 c6 25. c3 1-0


[Site "https://www.chess.com"]

[Event "Early Titled Tuesday Blitz | February 8 2022"]
[White "Bruned, Yvain"]
[Black "Lodici, Lorenzo"]
[WhiteFideId "2250292"]
[BlackFideId "884189"]
[WhiteElo "2073"]
[BlackElo "2265"]
[Result "0-1"]
[Round "04"]
[TimeControl "180+1"]
[Date "2022.02.08"]
[WhiteClock "0:00:12"]
[BlackClock "0:00:55"]

1. b3 a5 2. a4 h5 3. Bb2 h4 4. h3 Rh6 5. e3 g5 6. d4 e6 7. c4 Nc6 8. Nc3 Nb4 9. Be2 Bg7 10. Nf3 d5 11. Ba3 c5 12. cxd5 exd5 13. Bb5+ Kf8 14. Rc1 b6 15. Ne2 Qd6 16. Nxg5 Ra7 17. Nf3 Re7 18. Qd2 Nf6 19. Nc3 Bf5 20. O-O Ne4 21. Nxe4 Bxe4 22. Ne1 Rg6 23. Bxb4 axb4 24. dxc5 bxc5 25. Bd3 Bc3 26. Qe2 f5 27. Bxe4 fxe4 28. Nc2 Reg7 29. f4 Rxg2+ 30. Qxg2 Rxg2+ 31. Kxg2 Qg6+ 32. Kh1 Qg3 33. Rcd1 Qxh3+ 34. Kg1 d4 35. exd4 cxd4 36. Nxd4 Bxd4+ 0-1


[Site "https://www.chess.com"]

[Event "Early Titled Tuesday Blitz | February 8 2022"]
[White "Bugayev, Vladimir"]
[Black "Hua, Lefong"]
[WhiteFideId "30901480"]
[BlackFideId "2602253"]
[WhiteElo "2366"]
[BlackElo "2534"]
[Result "0-1"]
[Round "04"]
[TimeControl "180+1"]
[Date "2022.02.08"]
[WhiteClock "0:00:04"]
[BlackClock "0:00:28"]

1. e4 c5 2. Nc3 g6 3. d4 cxd4 4. Qxd4 Nf6 5. Nf3 Nc6 6. Qa4 d6 7. e5 dxe5 8. Nxe5 Bg7 9. Bb5 O-O 10. Nxc6 bxc6 11. Bxc6 Bd7 12. O-O Rc8 13. Bxd7 Qxd7 14. Qxd7 Nxd7 15. Be3 Bxc3 16. bxc3 Rxc3 17. Bxa7 Ra8 18. Be3 Rxc2 19. a4 Nc5 20. a5 Ra6 21. Rfc1 Rxc1+ 22. Rxc1 Nb3 23. Rb1 Nxa5 24. Ra1 Rd6 25. g3 Nc4 26. Bf4 Rd8 27. Ra7 Kf8 28. Rc7 Nd6 29. h4 h5 30. Bg5 Nf5 31. Kg2 f6 32. Bf4 Kf7 33. Bc1 Rd1 34. Ba3 Rd2 35. Bc5 Rc2 36. Kf3 Ke6 37. Ke4 Rc1 38. Bb6 Nd6+ 39. Kf3 Rb1 40. Be3 Rb3 41. Ra7 Nf5 42. Ra6+ Kf7 43. Ra5 Nxe3 44. fxe3 Ke6 45. Ra6+ Kf5 46. Ra5+ e5 47. Ra6 g5 48. Ra2 e4+ 49. Kf2 Kg4 50. Kg2 Rxe3 51. Ra6 gxh4 52. gxh4 Rf3 53. Ra5 f5 54. Ra8 Kxh4 55. Rg8 Rf4 56. Kh2 Rg4 57. Re8 Kg5 58. Rg8+ Kf4 59. Rh8 h4 60. Kh3 Kf3 61. Rf8 f4 62. Kh2 Rg3 63. Ra8 e3 64. Ra2 h3 65. Kh1 Rg8 66. Ra1 e2 67. Re1 Kf2 68. Rxe2+ Kxe2 69. Kh2 Kf3 0-1


[Site "https://www.chess.com"]

[Event "Early Titled Tuesday Blitz | February 8 2022"]
[White "Camacho Collados, Jose"]
[Black "Mekhitarian, Krikor Sevag"]
[WhiteFideId "2265427"]
[BlackFideId "2107660"]
[WhiteElo "2351"]
[BlackElo "2598"]
[Result "0-1"]
[Round "04"]
[TimeControl "180+1"]
[Date "2022.02.08"]
[WhiteClock "0:01:17"]
[BlackClock "0:00:50"]

1. e4 c5 2. Nf3 g6 3. g3 Nc6 4. Bg2 Bg7 5. O-O d6 6. Re1 e5 7. c3 Nge7 8. d4 cxd4 9. cxd4 exd4 10. Na3 O-O 11. Nb5 Bg4 12. Bg5 a6 13. Na3 h6 14. Bxe7 Qxe7 15. Rc1 Ne5 16. Nc4 Rac8 17. Ncd2 Rxc1 18. Qxc1 Nd3 19. Qc4 Nxe1 20. Nxe1 Rc8 21. Qb4 Qc7 22. f3 Be6 23. Nd3 d5 24. f4 Qc2 25. exd5 Qxd3 26. dxe6 Qe3+ 27. Kh1 Qxe6 28. Bxb7 Qe1+ 29. Kg2 Rc2 30. Kh3 Qxd2 31. Qe7 Qxh2+ 32. Kg4 Qh5# 0-1


[Site "https://www.chess.com"]

[Event "Early Titled Tuesday Blitz | February 8 2022"]
[White "Caruana, Fabiano"]
[Black "Vaishali, Rameshbabu"]
[WhiteFideId "2020009"]
[BlackFideId "5091756"]
[WhiteElo "2744"]
[BlackElo "2343"]
[Result "1-0"]
[Round "04"]
[TimeControl "180+1"]
[Date "2022.02.08"]
[WhiteClock "0:00:09"]
[BlackClock "0:00:04"]

1. c4 e5 2. g3 c6 3. d4 e4 4. Qa4 d5 5. cxd5 Bd7 6. Nc3 Nf6 7. Qb3 cxd5 8. Bg5 Bc6 9. Nh3 Nbd7 10. Nf4 h6 11. Bxf6 Nxf6 12. h4 a5 13. a3 a4 14. Qd1 Qb6 15. Qd2 Bd6 16. e3 Rc8 17. Be2 O-O 18. O-O Bxf4 19. exf4 Bd7 20. Rac1 Rc7 21. Rc2 Rfc8 22. Rfc1 h5 23. Bf1 g6 24. Be2 Kg7 25. Bd1 Kg8 26. f5 Bxf5 27. Nxa4 Rxc2 28. Rxc2 Rxc2 29. Bxc2 Qb5 30. Bd1 Ng4 31. Nc3 Qc4 32. Be2 Qb3 33. Nd1 Kg7 34. Qc3 Qa2 35. Qc2 Nf6 36. Ne3 Qa1+ 37. Kg2 Bh3+ 38. Kh2 Be6 39. Bd1 b6 40. a4 Qa2 41. b4 Qa3 42. Qd2 Ng4+ 43. Nxg4 hxg4 44. a5 bxa5 45. bxa5 f5 46. Be2 Kf7 47. a6 Bc8 48. h5 Bxa6 49. Qg5 Bxe2 50. Qxg6+ Ke7 51. Qg7+ Ke6 52. Qg8+ Ke7 53. Qg7+ Kd8 54. Qf6+ Kc7 55. Qe5+ Kb6 56. Qe6+ Ka5 57. Qxd5+ Bb5 58. Qa8+ Ba6 59. Qd8+ Ka4 60. Qd7+ Bb5 61. Qa7+ Kb3 62. Qxa3+ Kxa3 63. h6 f4 64. gxf4 e3 65. fxe3 Bd3 66. d5 Kb4 67. d6 Bf5 68. d7 1-0


[Site "https://www.chess.com"]

[Event "Early Titled Tuesday Blitz | February 8 2022"]
[White "Chernomordik, Pavel"]
[Black "Brodowski, Piotr"]
[WhiteFideId "2804530"]
[BlackFideId "1124480"]
[WhiteElo "2249"]
[BlackElo "2422"]
[Result "1-0"]
[Round "04"]
[TimeControl "180+1"]
[Date "2022.02.08"]
[WhiteClock "0:00:02"]
[BlackClock "0:00:25"]

1. e4 d6 2. d4 Nf6 3. Nc3 g6 4. Bg5 h6 5. Bh4 Bg7 6. f4 O-O 7. Nf3 Bg4 8. h3 Bxf3 9. Qxf3 Nc6 10. O-O-O Nh7 11. Bf2 Qe8 12. g4 e5 13. dxe5 dxe5 14. f5 Nd4 15. Qd3 c6 16. h4 Rd8 17. Qg3 Qe7 18. Be3 g5 19. hxg5 Nxg5 20. Rh5 b5 21. Bd3 Qf6 22. Rdh1 Rd6 23. Qh4 Rfd8 24. Bxg5 hxg5 25. Rxg5 Kf8 26. Rh5 Nf3 27. Qxf6 Bxf6 28. Ne2 a6 29. Rh7 c5 30. Nc3 c4 31. Be2 Nd4 32. Bd1 Bg5+ 33. Kb1 Ke7 34. Nd5+ Rxd5 35. exd5 Rxd5 36. c3 Nc6 37. Bf3 Rd6 38. Bxc6 Rxc6 39. Rg7 Kf6 40. Rhh7 Rc7 41. Rg8 Rd7 42. a4 e4 43. Re8 e3 44. axb5 axb5 45. Rh2 Bf4 46. Re2 Kg5 47. Rg8+ Kf6 48. Kc2 Ke5 49. Re8+ Kf6 50. R8xe3 Bxe3 51. Rxe3 Rd8 52. Re4 Rg8 53. Rd4 Ke5 54. Kd2 f6 55. Ke3 Rh8 56. Re4+ Kd5 57. Re6 Rh2 58. Rxf6 Rxb2 59. Rb6 Kc5 60. Rb8 Rc2 61. f6 Rxc3+ 62. Kf4 Rc1 63. g5 Rf1+ 64. Ke5 c3 65. Rc8+ Kb4 66. Ke6 Kb3 67. g6 c2 68. g7 c1=Q 69. Rxc1 Rxc1 70. g8=Q Rc6+ 71. Kd7+ Rc4 72. f7 b4 73. f8=Q Kb2 74. Qf2+ Rc2 75. Qg7+ Kb3 76. Qgf7+ Kb2 77. Q7f6+ Kb1 78. Q6f5 b3 79. Qd3 Kb2 80. Qf6+ Ka2 81. Qfa6+ Kb2 82. Qab5 Rc3 83. Qd4 Kc2 84. Qe2+ Kb1 85. Qxc3 b2 86. Qcxb2# 1-0


[Site "https://www.chess.com"]

[Event "Early Titled Tuesday Blitz | February 8 2022"]
[White "Costachi, Mihnea"]
[Black "Ratnakaran, K."]
[WhiteFideId "1217518"]
[BlackFideId "5005507"]
[WhiteElo "2464"]
[BlackElo "2391"]
[Result "1-0"]
[Round "04"]
[TimeControl "180+1"]
[Date "2022.02.08"]
[WhiteClock "0:01:51"]
[BlackClock "0:02:17"]

1. e4 e6 2. Qe2 c5 3. b3 Nc6 4. Bb2 Nd4 5. Qd1 d5 6. c3 Nc6 7. d3 dxe4 8. dxe4 Qxd1+ 9. Kxd1 Nf6 10. Nd2 e5 11. Kc2 Be6 12. Bb5 O-O-O 13. Bxc6 bxc6 14. Ngf3 Ng4 15. Rhf1 f6 16. h3 Nh6 17. c4 Nf7 18. Rad1 Bd6 19. Ba3 Kc7 20. Ne1 Kb6 21. Nb1 Be7 22. Nd3 f5 23. f3 Rd4 24. Nc3 Rhd8 25. Na4+ Kc7 26. Bxc5 Bxc4 27. bxc4 Bxc5 28. Ndxc5 Rxc4+ 29. Kb3 Rxd1 30. Rxd1 Nd6 31. Rxd6 1-0


[Site "https://www.chess.com"]

[Event "Early Titled Tuesday Blitz | February 8 2022"]
[White "Cramling Bellon, Anna"]
[Black "Baches Garcia, Guillermo"]
[WhiteFideId "32009232"]
[BlackFideId "2209764"]
[WhiteElo "1905"]
[BlackElo "2446"]
[Result "0-1"]
[Round "04"]
[TimeControl "180+1"]
[Date "2022.02.08"]
[WhiteClock "0:00:02"]
[BlackClock "0:01:14"]

1. d4 Nf6 2. c4 e6 3. Nf3 d5 4. Nc3 c5 5. e3 a6 6. cxd5 exd5 7. dxc5 Bxc5 8. Be2 Nc6 9. O-O O-O 10. a3 Re8 11. b4 Ba7 12. Bb2 Bg4 13. h3 Bh5 14. Nd4 Bg6 15. Nxc6 bxc6 16. Bxa6 Bb8 17. Bd3 Qd6 18. g3 Rxe3 19. Ne2 Rxd3 20. Qc1 Ne4 21. Nf4 Rf3 22. Qd1 Rxf4 23. gxf4 Qxf4 24. Qg4 Qh2# 0-1


[Site "https://www.chess.com"]

[Event "Early Titled Tuesday Blitz | February 8 2022"]
[White "Dahanayake, Isara Banidu"]
[Black "Karavaeva, Olga"]
[WhiteFideId "9932631"]
[BlackFideId "4124111"]
[WhiteElo "1394"]
[BlackElo "2105"]
[Result "1-0"]
[Round "04"]
[TimeControl "180+1"]
[Date "2022.02.08"]
[WhiteClock "0:01:25"]
[BlackClock "0:01:57"]

1. e4 c5 2. Nf3 e6 3. d4 cxd4 4. Nxd4 Nf6 5. Bd3 Nc6 6. Nxc6 bxc6 7. O-O d5 8. Qe2 Be7 9. e5 Nd7 10. c4 Bb7 11. b3 d4 12. Bb2 c5 13. Be4 Qc7 14. f4 O-O 15. Nd2 a5 16. Bxb7 Qxb7 17. Ne4 a4 18. Rf3 axb3 19. Rxb3 Qc6 20. Rh3 h6 21. g4 Rfb8 22. g5 Rxb2 23. Qxb2 Qxe4 24. gxh6 Qxf4 25. Qg2 g6 26. h7+ Kg7 27. Qxa8 Qg4+ 28. Qg2 1-0


[Site "https://www.chess.com"]